 Dungeon Crawl Stone Soup version 0.25.0-33-gff14898491 (webtiles) character file.

Game seed: 17792870772983448153

4760 Ethylacetat the Slicer (level 10, -4/74 HPs)
             Began as an Octopode Assassin on July 7, 2020.
             Was a Priest of Okawaru.
             Slain by a five-headed hydra (11 damage)
             ... on level 9 of the Dungeon.
             The game lasted 00:19:32 (7247 turns).

Ethylacetat the Slicer (Octopode Assassin)          Turns: 7247, Time: 00:19:33

Health: -4/74      AC:  1    Str: 14      XL:     10   Next: 46%
Magic:  10/10      EV: 12    Int: 19      God:    Okawaru [***...]
Gold:   384        SH:  0    Dex: 11 (14) Spells: 9/9 levels left

rFire    . . .     SeeInvis .   r - +12 Vampire's Tooth {vamp}
rCold    . . .     Gourm    .   (no shield)
rNeg     . . .     Faith    .   (helmet restricted)
rPois    .         Spirit   .   (no amulet)
rElec    .         Reflect  .   j - +6 ring of intelligence
rCorr    .         Harm     .   (no ring)
MR       .....                  (no ring)
Stlth    ++++......             (no ring)
HPRegen  0.22/turn              (no ring)
MPRegen  0.12/turn              (no ring)
                                (no ring)
                                (no ring)

@: no status effects
A: almost no armour, stealthy swim, amphibious, 8 rings, constrict 8, camouflage
1, gelatinous body 1
a: Heroism, Renounce Religion


You were on level 9 of the Dungeon.
You worshipped Okawaru.
Okawaru was most pleased with you.
You were not hungry.

You visited 2 branches of the dungeon, and saw 10 of its levels.

You collected 384 gold pieces.

Inventory:

Hand Weapons
 r - the +12 Vampire's Tooth (weapon) {vamp}
   (You found it on level 5 of the Dungeon)

   It inflicts no extra harm, but heals its wielder when it wounds a living foe.
Missiles
 b - 30 poisoned darts (quivered)
 c - 2 curare-tipped darts
Jewellery
 j - a +6 ring of intelligence (left tentacle)
Wands
 w - a wand of iceblast (21)
Scrolls
 a - a scroll of enchant weapon {unknown}
 h - 14 scrolls of identify
 i - 4 scrolls of teleportation
 k - a scroll of remove curse
 l - 2 scrolls of amnesia {unknown}
 o - a scroll of immolation {unknown}
 t - 2 scrolls of noise {unknown}
 u - 2 scrolls of random uselessness {unknown}
 v - 3 scrolls of magic mapping {unknown}
 y - a scroll of fear {unknown}
 A - 2 scrolls of enchant armour {unknown}
Potions
 e - 5 potions of ambrosia {unknown}
 f - a potion of cancellation {unknown}
 g - a potion of mutation {unknown}
 m - 4 potions of degeneration {unknown}
 n - a potion of stabbing {unknown}
 p - 5 potions of curing
 q - 6 potions of heal wounds
 s - a potion of flight {unknown}
 x - a potion of brilliance {unknown}
 z - 2 potions of resistance
 C - a potion of berserk rage {unknown}
Comestibles
 d - 12 rations
 B - 16 chunks of flesh


   Skills:
 + Level 9.0 Fighting
 * Level 12.2 Short Blades
 - Level 2.0 Throwing
 - Level 1.0 Dodging
 - Level 5.3 Stealth


You had 9 spell levels left.
You didn't know any spells.
Your spell library contained the following spells:

 Spells                   Type           Power        Failure   Level  Hunger
 Foxfire                  Conj/Fire      #...         21%         1    ##.....
 Magic Dart               Conj           #...         21%         1    ##.....
 Summon Small Mammal      Summ           #...         21%         1    ##.....
 Call Imp                 Summ           #.......     30%         2    ###....
 Searing Ray              Conj           #.....       30%         2    ###....
 Call Canine Familiar     Summ           #.......     52%         3    ####...
 Conjure Flame            Conj/Fire      #.......     52%         3    ####...
 Dazzling Flash           Conj/Hex       #.....       52%         3    ####...
 Inner Flame              Hex/Fire       #.......     52%         3    ####...
 Summon Guardian Golem    Hex/Summ       #.......     52%         3    ####...
 Fulminant Prism          Conj/Hex       #.........   90%         4    #####..
 Iskenderun's Mystic Bla  Conj/Tloc      #.......     90%         4    #####..
 Sticky Flame             Conj/Fire      #.......     90%         4    #####..
 Summon Ice Beast         Ice/Summ       #.......     90%         4    #####..
 Summon Lightning Spire   Summ/Air       #.......     90%         4    #####..
 Fireball                 Conj/Fire      #.........   99%         5    ######.


Dungeon Overview and Level Annotations

Branches:
Dungeon (9/15)             Temple (1/1) D:6
   Lair: D:8-11         Orc: D:9-12

Altars:
Ashenzari
Cheibriados
Dithmenos
Elyvilon
Fedhas
Gozag
Hepliaklqana
Kikubaaqudgha
Makhleb
Nemelex Xobeh
Okawaru
Qazlal
Ru
Sif Muna
Trog
Uskayaw
Vehumet
Wu Jian
Xom
Yredelemnul
Zin
The Shining One

Shops:
D:4 =   D:5 :!?   D:7 =


Innate Abilities, Weirdness & Mutations

You cannot wear most types of armour.
You are very stealthy in the water. (Stealth+)
You are amphibious.
You can wear up to eight rings at the same time.
You can use your tentacles to constrict eight enemies at once.
Your skin changes colour to match your surroundings (Stealth+).
Your rubbery body absorbs attacks. (AC +1, EV +1)


Message History

The five-headed hydra bites you but does no damage.
The five-headed hydra bites you!
* * * LOW HITPOINT WARNING * * *
Okay, then.
Unknown command.
You puncture the five-headed hydra!
The five-headed hydra is heavily wounded.
You hit the five-headed hydra.
The five-headed hydra is heavily wounded.
You puncture the five-headed hydra! You squeeze the five-headed hydra.
The five-headed hydra is severely wounded.
You hit the five-headed hydra.
You feel better.
The five-headed hydra is almost dead.
The five-headed hydra completely misses you.
The five-headed hydra bites you!
* * * LOW HITPOINT WARNING * * *
The five-headed hydra closely misses you.
The five-headed hydra barely misses you.
The five-headed hydra bites you!
You die...

#.##.#)#...##.#
#...)##.##....#
#.##.÷.#.#.##.#
#.#÷)).###..#.# ###
#.##.......##.# ..G
..#.#.#.#.#.#.#
#####g#########.#####.#
#....KD..###.......##.#
#@..#.#.....#.#.#
##..#..#...#..#.##
##.#...#.#...#..#
#......#.......#
#.#...#.#...#..#
#.#..#...#..#...
..#.#.....#.#...
...##.......##...
#########.#####...


You could see a five-headed hydra, an eye of draining, a big kobold and a gnoll.

Vanquished Creatures
  Pikel (D:7)
  A manticore (D:9)
  Grinder (D:6)
  A slime creature (D:9)
  3 hippogriffs
  Sigmund (D:6)
  A yak (D:9)
  A hungry ghost (D:9)
  Edmund (D:5)
  A water moccasin (D:6)
  A phantom (D:6)
  2 orc warriors
  An eye of draining (D:8)
  3 ogres
  A centaur (D:5)
  2 bullfrogs (D:9)
  A wyvern skeleton (D:9)
  3 wights (D:7)
  5 killer bees (D:8)
  4 howler monkeys
  A vampire bat (D:5)
  3 crimson imps
  A quasit (D:9)
  2 hounds
  A jelly (D:7)
  2 orc priests (D:7)
  5 orc wizards
  An iguana (D:6)
  7 worker ants
  A hound skeleton (D:6)
  14 adders
  2 oozes (D:2)
  2 adder skeletons
  7 worms
  2 dart slugs
  3 fire bats (D:5)
  A leopard gecko (D:8)
  14 orcs
  2 spectral bats (D:5)
  17 bats
  3 bat skeletons (D:5)
  A bat zombie (D:5)
  5 giant cockroaches
  9 goblins
  6 hobgoblins
  11 jackals
  8 kobolds
  4 quokkas
  A bat simulacrum (D:5)
  3 frilled lizards (D:1)
  3 leopard gecko skeletons (D:4)
  A quokka zombie (D:7)
  15 rats
193 creatures vanquished.

Vanquished Creatures (others)
  A human (D:4)
1 creature vanquished.

Grand Total: 194 creatures vanquished

Notes
Turn   | Place    | Note
-------+----------+-------------------------------------------
     0 | D:1      | Ethylacetat the Octopode Assassin began the quest for the
                  | Orb.
     0 | D:1      | Reached XP level 1. HP: 14/14 MP: 1/1
   167 | D:1      | Reached XP level 2. HP: 19/19 MP: 2/2
   561 | D:1      | Reached skill level 3 in Short Blades
   561 | D:1      | Reached XP level 3. HP: 22/25 MP: 3/3
   796 | D:2      | Found a radiant altar of Vehumet.
   809 | D:2      | Found an ornate altar of the Wu Jian Council.
   913 | D:2      | Reached XP level 4. HP: 28/30 MP: 4/4
  1050 | D:2      | Found a glowing golden altar of the Shining One.
  1101 | D:2      | Reached skill level 4 in Short Blades
  1603 | D:3      | Reached XP level 5. HP: 36/36 MP: 5/5
  1770 | D:3      | Found a sacrificial altar of Ru.
  2525 | D:4      | Found Nomigg's Jewellery Shop.
  2526 | D:4      | Reached skill level 5 in Short Blades
  2554 | D:4      | Reached XP level 6. HP: 43/43 MP: 6/6
  3025 | D:4      | Found an ancient bone altar of Kikubaaqudgha.
  3025 | D:4      | Noticed a human
  3029 | D:4      | Killed a human
  3449 | D:5      | Entered Level 5 of the Dungeon
  3496 | D:5      | Noticed Edmund
  3499 | D:5      | Killed Edmund
  3499 | D:5      | Reached skill level 6 in Short Blades
  3499 | D:5      | Reached XP level 7. HP: 49/49 MP: 7/7
  3503 | D:5      | Found Votz's Book Boutique.
  3505 | D:5      | Found the +12 Vampire's Tooth {vamp}
  3543 | D:5      | Found Zibbisch's Magic Scroll Boutique.
  3635 | D:5      | You fall into a shaft and drop 1 floor!
  3746 | D:5      | Found Galoh's Distillery.
  4270 | D:6      | Reached skill level 7 in Short Blades
  4279 | D:6      | Reached skill level 5 in Fighting
  4334 | D:6      | Noticed Sigmund
  4338 | D:6      | Killed Sigmund
  4338 | D:6      | Reached XP level 8. HP: 56/56 MP: 8/8
  4463 | D:6      | Found a staircase to the Ecumenical Temple.
  4471 | Temple   | Entered the Ecumenical Temple
  4577 | Temple   | Became a worshipper of Warmaster Okawaru
  4653 | D:6      | Reached skill level 8 in Short Blades
  4700 | D:6      | Noticed Grinder
  4718 | D:6      | Killed Grinder
  4985 | D:6      | Reached skill level 9 in Short Blades
  5137 | D:7      | Reached * piety under Okawaru
  5222 | D:7      | Reached XP level 9. HP: 63/63 MP: 9/9
  5410 | D:7      | Found Quwucuon's Jewellery Boutique.
  5560 | D:7      | Noticed Pikel
  5577 | D:7      | Killed Pikel
  5577 | D:7      | Reached ** piety under Okawaru
  5577 | D:7      | Reached skill level 10 in Short Blades
  6075 | D:8      | Found a white marble altar of Elyvilon.
  6482 | D:8      | Reached skill level 11 in Short Blades
  6922 | D:9      | Reached XP level 10. HP: 63/72 MP: 10/10
  7004 | D:9      | Noticed a manticore
  7009 | D:9      | Reached *** piety under Okawaru
  7020 | D:9      | Killed a manticore
  7034 | D:9      | Reached skill level 12 in Short Blades
  7143 | D:9      | Found a hide-covered altar of Uskayaw.
  7237 | D:9      | Noticed a five-headed hydra
  7247 | D:9      | Slain by a five-headed hydra

Illustrated notes

Levels and vault maps discovered:
D:1:      minmay_arrival_radiant_lines, layout_basic, serial_bayou_pond_a
D:2:      layout_basic, marbit_many_paths, grunt_temple_overflow_open
D:3:      layout_rooms, nicolae_ru_sacrificial_ziggurat, first_ration,
          serial_bayou_crossing
D:4:      layout_loops_cross, serial_shops, nicolae_shop_stone,
          tgw_kikubaaqudgha
D:5:      layout_layer_cave, serial_shops, shop, kennysheep_mini, shop,
          goddamned_bats, uniq_edmund
D:6:      layout_loops_ring, minmay_temple_entry_overgrown,
          hangedman_decor_lopped, minmay_circle_x, uniq_sigmund, uniq_grinder
D:7:      layout_gridville, serial_shops, kennysheep_little_box, uniq_pikel
D:8:      layout_gridville, nicolae_overflow_crystal_walls
D:9:      minmay_the_grid_3x2 [minmay_the_grid_x, minmay_the_grid_tiny_cups,
          minmay_the_grid_empty, minmay_the_grid_aliased_spiral,
          minmay_the_grid_spikes, minmay_the_grid_prize_shrinking_boxes],
          layout_cave_pods, eat_drink_and_be_merry_uskayaw, special_room
          [special_room_orc], serial_column_ruins, column_ruins_temple_hall,
          column_ruins_grid_1, column_ruins_open_small_water,
          column_ruins_open_small, column_ruins_open_small,
          column_ruins_columns_straight
Temple:   lightli_temple_of_artemis

Skill      XL: |  1  2  3  4  5  6  7  8  9 10 |
---------------+-------------------------------+-----
Short Blades   | 3 4 5 6 7 9 11 12 | 12.2
Fighting       | 3 4 5 6 8 9 |  9.0
Throwing       | |  2.0
Dodging        | |  1.0
Stealth        | |  5.3

Action                   |  1- 3 |  4- 6 |  7- 9 | 10-12 || total
-------------------------+-------+-------+-------+-------++-------
Melee: Dagger            |    67 |   152 |       |       ||   219
       Constrict         |    16 |    28 |    29 |     7 ||    80
       Tentacles         |    12 |    24 |    26 |    14 ||    76
       Quick blade       |       |       |   191 |    67 ||   258
  Use: Scroll            |       |       |     6 |       ||     6
 Stab: Sleeping          |     5 |    21 |    19 |     2 ||    47
       Distracted        |     1 |     1 |     1 |       ||     3
  Eat: Chunk             |       |     8 |    11 |     3 ||    22
Armor: Skin              |     6 |    10 |     3 |     4 ||    23
Dodge: Dodged            |    46 |    61 |    50 |    28 ||   185
